TOP OF THE 1ST |
San Bernardino Grasshoppers batting - Pitching for Long Island Seawolves : LHP Alejandro Ramos
|
Pitching: LHP Alejandro Ramos
|
|
Batting: RHB Jorge Estrada
|
0-0: Fly out, F9 (Flyball, 9LSF)
|
Batting: RHB Dave Hastings
|
0-0: Ball 1-0: Swinging Strike 1-1: Called Strike 1-2: Foul Ball, location: 2F 1-2: Ball 2-2: Strikes out swinging
|
Batting: LHB William O'Keefe
|
0-0: Called Strike 0-1: Swinging Strike 0-2: Ball 1-2: Foul Ball, location: 2F 1-2: SINGLE (Line Drive, 8RM)
|
Batting: RHB Edgardo Bello
|
0-0: Called Strike 0-1: Ball 1-1: Ball 2-1: Fly out, F7 (Flyball, 78M)
|
Top of the 1st over - 0 run(s), 1 hit(s), 0 error(s), 1 left on base; San Bernardino 0 - Long Island 0 |
BOTTOM OF THE 1ST |
Long Island Seawolves batting - Pitching for San Bernardino Grasshoppers : RHP Juan Hernández
|
Pitching: RHP Juan Hernández
|
|
Batting: RHB José Olvera
|
0-0: Ball 1-0: Swinging Strike 1-1: Foul Ball, location: 2F 1-2: Ground out 6-3 (Groundball, 6)
|
Batting: RHB Manuel Martínez
|
0-0: Foul Ball, location: 2F 0-1: Called Strike 0-2: Ball 1-2: Ball 2-2: Ball 3-2: Base on Balls
|
Batting: RHB Otis Brewer
|
0-0: Foul Ball, location: 2F 0-1: Called Strike 0-2: Ball Manuel Martínez steals 2nd base 1-2: Ball 2-2: Ball 3-2: Base on Balls
|
Batting: RHB Fred Burt
|
0-0: 3-RUN HOME RUN (Flyball, 8LXD), Distance : 440 ft
|
Batting: LHB Keith Alexander
|
0-0: Called Strike 0-1: Ball 1-1: SINGLE (Line Drive, 56D)
|
Batting: RHB José Magana
|
0-0: Fly out, F9 (Flyball, 89S)
|
Batting: SHB Josh Sanders
|
0-0: Foul Ball, location: 2F 0-1: Ball 1-1: Swinging Strike 1-2: Ball 2-2: Ball 3-2: Foul Ball, location: 2F 3-2: Ground out 5-3 (Groundball, 56S)
|
Bottom of the 1st over - 3 run(s), 2 hit(s), 0 error(s), 1 left on base; San Bernardino 0 - Long Island 3 |
TOP OF THE 2ND |
San Bernardino Grasshoppers batting - Pitching for Long Island Seawolves : LHP Alejandro Ramos
|
Batting: RHB Sherwood Lefebvre
|
0-0: Called Strike 0-1: Ball 1-1: Fly out, F8 (Flyball, 78S)
|
Batting: RHB Alwin Vreekamp
|
0-0: Ground out 6-3 (Groundball, 6)
|
Batting: LHB Harold Wiggins
|
0-0: Ball 1-0: Ball 2-0: Fly out, F7 (Flyball, 7S)
|
Top of the 2nd over - 0 run(s), 0 hit(s), 0 error(s), 0 left on base; San Bernardino 0 - Long Island 3 |
BOTTOM OF THE 2ND |
Long Island Seawolves batting - Pitching for San Bernardino Grasshoppers : RHP Juan Hernández
|
Batting: RHB David Pérez
|
0-0: Called Strike 0-1: Ball 1-1: Ground out 5-3 (Groundball, 56)
|
Batting: RHB José Cervantes
|
0-0: Ball 1-0: Ball 2-0: Ball 3-0: Called Strike 3-1: Foul Ball, location: 2F 3-2: Foul Ball, location: 2F 3-2: Ground out 5-3 (Groundball, 5)
|
Batting: RHB José Olvera
|
0-0: Called Strike 0-1: Swinging Strike 0-2: Ball 1-2: SINGLE (Flyball, 7LS)
|
Batting: RHB Manuel Martínez
|
0-0: Ball 1-0: Ball 2-0: Called Strike 2-1: Ball 3-1: Base on Balls José Olvera to second
|
Batting: RHB Otis Brewer
|
0-0: Fly out, F6 (Line Drive, 6)
|
Bottom of the 2nd over - 0 run(s), 1 hit(s), 0 error(s), 2 left on base; San Bernardino 0 - Long Island 3 |
TOP OF THE 3RD |
San Bernardino Grasshoppers batting - Pitching for Long Island Seawolves : LHP Alejandro Ramos
|
Batting: RHB Domingo Bravo
|
0-0: Fly out, F3 (Line Drive, 3)
|
Batting: SHB Roberto Córdova
|
0-0: SINGLE (Line Drive, 9LM)
|
Batting: RHB Jorge Estrada
|
0-0: Foul Ball, location: 2F 0-1: Ball 1-1: SINGLE (Groundball, 56D) Roberto Córdova to second
|
Batting: RHB Dave Hastings
|
0-0: Ball 1-0: Ball 2-0: Called Strike Roberto Córdova steals 3rd base Jorge Estrada to second 2-1: Fly out, F7 (Line Drive, 7S) Runner from 3rd tags up, SCORES, no throw
|
Batting: LHB William O'Keefe
|
0-0: Foul Ball, location: 2F 0-1: Called Strike 0-2: Ball 1-2: Ball 2-2: Ball 3-2: Foul Ball, location: 2F 3-2: Base on Balls
|
Batting: RHB Edgardo Bello
|
0-0: Called Strike 0-1: Foul Ball, location: 2F 0-2: Ball 1-2: Foul Ball, location: 2F 1-2: Ball 2-2: Ball 3-2: Foul Ball, location: 2F 3-2: Foul Ball, location: 2F 3-2: SINGLE (Flyball, 9LM) Jorge Estrada to third William O'Keefe to second Jorge Estrada scores William O'Keefe to third
|
Batting: RHB Sherwood Lefebvre
|
0-0: Ball 1-0: Swinging Strike 1-1: Ball 2-1: Fly out, F8 (Flyball, 89M)
|
Top of the 3rd over - 2 run(s), 3 hit(s), 0 error(s), 2 left on base; San Bernardino 2 - Long Island 3 |
BOTTOM OF THE 3RD |
Long Island Seawolves batting - Pitching for San Bernardino Grasshoppers : RHP Juan Hernández
|
Batting: RHB Fred Burt
|
0-0: Ball 1-0: Foul Ball, location: 2F 1-1: SINGLE (Flyball, 9S)
|
Batting: LHB Keith Alexander
|
0-0: Swinging Strike 0-1: Ball 1-1: Swinging Strike 1-2: Strikes out swinging
|
Batting: RHB José Magana
|
0-0: Called Strike 0-1: Foul Ball, location: 2F 0-2: Ball 1-2: Foul Ball, location: 2F 1-2: Reached on error, E1 (Groundball, P) Fred Burt to second
|
Batting: SHB Josh Sanders
|
0-0: Fly out, F4 (Line Drive, 4M)
|
Batting: RHB David Pérez
|
0-0: Ball 1-0: Ball 2-0: Ball 3-0: Called Strike 3-1: Fielders Choice at 2nd, 5-4 (Groundball, 56)
|
Bottom of the 3rd over - 0 run(s), 1 hit(s), 1 error(s), 1 left on base; San Bernardino 2 - Long Island 3 |
TOP OF THE 4TH |
San Bernardino Grasshoppers batting - Pitching for Long Island Seawolves : LHP Alejandro Ramos
|
Batting: RHB Alwin Vreekamp
|
0-0: Ball 1-0: Ball 2-0: SINGLE (Line Drive, 3)
|
Batting: LHB Harold Wiggins
|
0-0: Fly out, F7 (Flyball, 7S)
|
Batting: RHB Domingo Bravo
|
0-0: Fly out, F9 (Flyball, 89M)
|
Batting: SHB Roberto Córdova
|
0-0: Ball 1-0: Called Strike 1-1: Called Strike 1-2: Foul Ball, location: 2F 1-2: Fielders Choice at 2nd, 4-6 (Groundball, 4)
|
Top of the 4th over - 0 run(s), 1 hit(s), 0 error(s), 0 left on base; San Bernardino 2 - Long Island 3 |
BOTTOM OF THE 4TH |
Long Island Seawolves batting - Pitching for San Bernardino Grasshoppers : RHP Juan Hernández
|
Batting: RHB José Cervantes
|
0-0: Ball 1-0: Ball 2-0: Called Strike 2-1: Foul Ball, location: 2F 2-2: Strikes out looking
|
Batting: RHB José Olvera
|
0-0: Called Strike 0-1: Foul Ball, location: 2F 0-2: Ball 1-2: Foul Ball, location: 2F 1-2: SINGLE (Groundball, 56D)
|
Batting: RHB Manuel Martínez
|
0-0: Ball 1-0: Ball José Olvera steals 2nd base 2-0: Foul Ball, location: 2F 2-1: DOUBLE (Groundball, 5L) José Olvera scores
|
Batting: RHB Otis Brewer
|
0-0: Ball 1-0: Ball 2-0: Foul Ball, location: 2F 2-1: Called Strike 2-2: Ball 3-2: SINGLE (Flyball, 7LS) Manuel Martínez to third
|
Batting: RHB Fred Burt
|
0-0: Ball 1-0: Ball 2-0: Ball 3-0: Called Strike 3-1: Swinging Strike 3-2: Base on Balls Otis Brewer to second
|
Batting: LHB Keith Alexander
|
0-0: Ball 1-0: Ball 2-0: Ball 3-0: Base on Balls Manuel Martínez scores Otis Brewer to third Fred Burt to second
|
Pitching: RHP Hubert Dunham
|
|
Batting: RHB José Magana
|
0-0: Ball 1-0: Grounds into double play, 5-4-3 (Groundball, 56)
|
Bottom of the 4th over - 2 run(s), 3 hit(s), 0 error(s), 2 left on base; San Bernardino 2 - Long Island 5 |
TOP OF THE 5TH |
San Bernardino Grasshoppers batting - Pitching for Long Island Seawolves : LHP Alejandro Ramos
|
Batting: RHB Jorge Estrada
|
0-0: Swinging Strike 0-1: Ball 1-1: Ball 2-1: Foul Ball, location: 2F 2-2: Fly out, F8 (Flyball, 8LS)
|
Batting: RHB Dave Hastings
|
0-0: Foul Ball, location: 2F 0-1: Foul Ball, location: 2F 0-2: Strikes out swinging
|
Batting: LHB William O'Keefe
|
0-0: Foul Ball, location: 2F 0-1: Foul Ball, location: 2F 0-2: Fly out, F4 (Popup, 34S)
|
Top of the 5th over - 0 run(s), 0 hit(s), 0 error(s), 0 left on base; San Bernardino 2 - Long Island 5 |
BOTTOM OF THE 5TH |
Long Island Seawolves batting - Pitching for San Bernardino Grasshoppers : RHP Hubert Dunham
|
Batting: SHB Josh Sanders
|
0-0: Ball 1-0: Fly out, F5 (Popup, 56S)
|
Batting: RHB David Pérez
|
0-0: Swinging Strike 0-1: Swinging Strike 0-2: Strikes out swinging
|
Batting: RHB José Cervantes
|
0-0: SINGLE (Groundball, 56D)
|
Batting: RHB José Olvera
|
0-0: Fielders Choice at 2nd, U4 (Groundball, 4M)
|
Bottom of the 5th over - 0 run(s), 1 hit(s), 0 error(s), 1 left on base; San Bernardino 2 - Long Island 5 |
TOP OF THE 6TH |
San Bernardino Grasshoppers batting - Pitching for Long Island Seawolves : LHP Alejandro Ramos
|
Batting: RHB Edgardo Bello
|
0-0: Ball 1-0: Ball 2-0: Ball 3-0: Base on Balls
|
Batting: RHB Sherwood Lefebvre
|
0-0: SINGLE (Line Drive, 6MD) Edgardo Bello to second
|
Batting: RHB Alwin Vreekamp
|
0-0: Called Strike 0-1: Swinging Strike 0-2: Ball 1-2: Strikes out swinging
|
Batting: LHB Harold Wiggins
|
0-0: Fielders Choice at 2nd, 1-6 (Groundball, 13S) Edgardo Bello to third
|
Batting: RHB Domingo Bravo
|
0-0: Foul Ball, location: 2F 0-1: Ball 1-1: Called Strike 1-2: Ground out 5-3 (Groundball, 56S)
|
Top of the 6th over - 0 run(s), 1 hit(s), 0 error(s), 2 left on base; San Bernardino 2 - Long Island 5 |
BOTTOM OF THE 6TH |
Long Island Seawolves batting - Pitching for San Bernardino Grasshoppers : RHP Hubert Dunham
|
Batting: RHB Manuel Martínez
|
0-0: Ball 1-0: Ground out 5-3 (Groundball, 5)
|
Batting: RHB Otis Brewer
|
0-0: Foul Ball, location: 2F 0-1: Ball 1-1: Ball 2-1: Swinging Strike 2-2: SINGLE (Line Drive, 56D)
|
Batting: RHB Fred Burt
|
0-0: Ball Otis Brewer is caught stealing 2nd base 1-0: Foul Ball, location: 2F 1-1: Fly out, F8 (Flyball, 78S)
|
Bottom of the 6th over - 0 run(s), 1 hit(s), 0 error(s), 0 left on base; San Bernardino 2 - Long Island 5 |
TOP OF THE 7TH |
San Bernardino Grasshoppers batting - Pitching for Long Island Seawolves : LHP Alejandro Ramos
|
Batting: SHB Roberto Córdova
|
0-0: SINGLE (Line Drive, 34D)
|
Batting: RHB Jorge Estrada
|
0-0: Ball 1-0: Called Strike 1-1: Swinging Strike 1-2: Ball 2-2: Foul Ball, location: 2F 2-2: Strikes out swinging
|
Batting: RHB Dave Hastings
|
0-0: Ball 1-0: Swinging Strike 1-1: Ball 2-1: Ball 3-1: SINGLE (Groundball, 6MD) Roberto Córdova to second
|
Batting: LHB William O'Keefe
|
0-0: Called Strike 0-1: Ball 1-1: Ball 2-1: Swinging Strike 2-2: Fly out, F8 (Flyball, 8LS)
|
Batting: RHB Edgardo Bello
|
0-0: Ball 1-0: Foul Ball, location: 2F Balk! Roberto Córdova to third Dave Hastings to second 1-1: Swinging Strike 1-2: Strikes out looking
|
Top of the 7th over - 0 run(s), 2 hit(s), 0 error(s), 2 left on base; San Bernardino 2 - Long Island 5 |
BOTTOM OF THE 7TH |
Long Island Seawolves batting - Pitching for San Bernardino Grasshoppers : RHP Hubert Dunham
|
Batting: LHB Keith Alexander
|
0-0: Foul Ball, location: 2F 0-1: Swinging Strike 0-2: Ball 1-2: Ball 2-2: Strikes out swinging
|
Batting: RHB José Magana
|
0-0: Ground out 5-3 (Groundball, 5L)
|
Batting: SHB Josh Sanders
|
0-0: Called Strike 0-1: Ball 1-1: Ball 2-1: DOUBLE (Flyball, 78D)
|
Batting: RHB David Pérez
|
0-0: SINGLE (Groundball, 4MD) Josh Sanders to third Runner from 3rd tries for Home, SAFE, no throw
|
Batting: RHB José Cervantes
|
0-0: Called Strike 0-1: Foul Ball, location: 2F 0-2: Ball 1-2: Strikes out swinging
|
Bottom of the 7th over - 1 run(s), 2 hit(s), 0 error(s), 1 left on base; San Bernardino 2 - Long Island 6 |
TOP OF THE 8TH |
San Bernardino Grasshoppers batting - Pitching for Long Island Seawolves : LHP Alejandro Ramos
|
Batting: RHB Sherwood Lefebvre
|
0-0: Ball 1-0: SINGLE (Line Drive, 5)
|
Batting: RHB Alwin Vreekamp
|
0-0: Ball 1-0: Fielders Choice at 2nd, 3-6 (Groundball, 34)
|
Batting: LHB Harold Wiggins
|
0-0: SINGLE (Line Drive, 34) Alwin Vreekamp to second
|
Batting: RHB Domingo Bravo
|
0-0: Ball 1-0: Ball 2-0: Called Strike 2-1: Fly out, F9 (Flyball, 9LSF)
|
Batting: SHB Roberto Córdova
|
0-0: Called Strike 0-1: Ball 1-1: Swinging Strike 1-2: Strikes out swinging
|
Top of the 8th over - 0 run(s), 2 hit(s), 0 error(s), 2 left on base; San Bernardino 2 - Long Island 6 |
BOTTOM OF THE 8TH |
Long Island Seawolves batting - Pitching for San Bernardino Grasshoppers : RHP Hubert Dunham
|
Batting: RHB José Olvera
|
0-0: Swinging Strike 0-1: Called Strike 0-2: Ball 1-2: Ball 2-2: SINGLE (Groundball, 34D)
|
Batting: RHB Manuel Martínez
|
0-0: Bunted foul 0-1: Bunted foul 0-2: Ball José Olvera steals 2nd base 1-2: Foul Ball, location: 2F 1-2: Foul Ball, location: 2F 1-2: Ball 2-2: Ball 3-2: Foul Ball, location: 2F 3-2: Foul Ball, location: 2F 3-2: Base on Balls
|
Batting: RHB Otis Brewer
|
0-0: Called Strike Manuel Martínez steals 2nd base José Olvera to third 0-1: SINGLE (Groundball, 5L) (infield hit) José Olvera scores Manuel Martínez to third
|
Pitching: RHP Max Cook
|
|
Batting: RHB Fred Burt
|
0-0: Ball 1-0: Ball 2-0: Called Strike 2-1: Foul Ball, location: 2F 2-2: Strikes out swinging
|
Batting: LHB Keith Alexander
|
0-0: Ball 1-0: Ball 2-0: Foul Ball, location: 2F 2-1: Ball 3-1: SINGLE (Groundball, 56D) Manuel Martínez scores Otis Brewer to second
|
Batting: RHB José Magana
|
0-0: Foul Ball, location: 2F 0-1: Ball 1-1: Fly out, F8 (Flyball, 8RM)
|
Batting: SHB Josh Sanders
|
0-0: Ball 1-0: Ball 2-0: Swinging Strike 2-1: Ball 3-1: Base on Balls Otis Brewer to third Keith Alexander to second
|
Batting: RHB David Pérez
|
0-0: Ball 1-0: Called Strike 1-1: Called Strike 1-2: Ball 2-2: Foul Ball, location: 2F 2-2: Strikes out swinging
|
Bottom of the 8th over - 2 run(s), 3 hit(s), 0 error(s), 3 left on base; San Bernardino 2 - Long Island 8 |
TOP OF THE 9TH |
San Bernardino Grasshoppers batting - Pitching for Long Island Seawolves : LHP Alejandro Ramos
|
Pitching: RHP Alan McKinney
|
|
Now at 3B: Héctor Rojas
|
|
Batting: RHB Jorge Estrada
|
0-0: Ball 1-0: Swinging Strike 1-1: Foul Ball, location: 2F 1-2: Strikes out swinging
|
Batting: RHB Dave Hastings
|
0-0: Foul Ball, location: 2F 0-1: SINGLE (Groundball, 4MD)
|
Batting: LHB William O'Keefe
|
0-0: Fly out, F3 (Popup, 3L)
|
Batting: RHB Edgardo Bello
|
0-0: Called Strike 0-1: Foul Ball, location: 2F 0-2: Ball 1-2: Strikes out swinging
|
Top of the 9th over - 0 run(s), 1 hit(s), 0 error(s), 1 left on base; San Bernardino 2 - Long Island 8 |
|